 Dungeon Crawl Stone Soup version 0.31-a0-1010-g5322dac6a2 (webtiles) character file.

Game seed: 2088310713669735921

751 zero the Digger (level 7, -2/40 HPs)
             Began as a Deep Elf Earth Elementalist on Nov 16, 2023.
             Slain by an iguana (6 damage)
             ... on level 5 of the Dungeon.
             The game lasted 00:03:34 (4393 turns).

zero the Digger (Deep Elf Earth Elementalist)       Turns: 4393, Time: 00:03:35

Health: -2/40      AC:  4    Str:  5    XL:     7   Next: 49%
Magic:  0/13       EV: 14    Int: 22    God:
Gold:   316        SH:  0    Dex: 15    Spells: 8/12 levels left

rFire   . . .        d - +0 short sword
rCold   . . .        (no shield)
rNeg    . . .        a - +0 robe
rPois   +            h - +0 helmet
rElec   .            t - scarf "Pasuremp" {shadows, rPois}
rCorr   +            (no gloves)
SInv    .            l - +0 pair of boots
Will    .....        (no amulet)
Stlth   +++          k - ring of resist corrosion
HPRegen 0.26/turn    n - ring of poison resistance
MPRegen 0.13/turn

%: no passive effects
@: no status effects
A: no striking features
a: no special abilities


You were on level 5 of the Dungeon.
You visited 2 branches of the dungeon, and saw 6 of its levels.

You collected 316 gold pieces.

Inventory:

Hand Weapons
 d - a +0 short sword (weapon)
Armour
 a - a +0 robe (worn)
 h - a +0 helmet (worn)
 l - a +0 pair of boots (worn)
 t - the scarf "Pasuremp" (worn) {shadows, rPois}
   (You found it on level 4 of the Dungeon)

   rPois:     It protects you from poison
Jewellery
 k - a ring of resist corrosion (left hand)
 n - a ring of poison resistance (right hand)
Wands
 r - a wand of roots (5)
Scrolls
 c - a scroll of silence {unknown}
 f - 6 scrolls of identify {unknown}
 i - 2 scrolls of amnesia {unknown}
 m - 2 scrolls of fog {unknown}
 o - a scroll of blinking {unknown}
 p - 3 scrolls of teleportation {unknown}
 q - a scroll of vulnerability {unknown}
 u - a scroll of brand weapon {unknown}
Potions
 b - a potion of magic
 e - a potion of might {unknown}
 g - a potion of attraction {unknown}
 j - a potion of ambrosia {unknown}
 s - a potion of curing {unknown}
 v - a potion of haste {unknown}


   Skills:
 - Level 2.0 Fighting
 - Level 5.0 Dodging
 - Level 5.0 Stealth
 - Level 3.0 Spellcasting
 + Level 4.1 Conjurations
 - Level 1.1 Transmutations
 - Level 6.0 Earth Magic


You had 8 spell levels left.
You knew the following spells:

 Your Spells              Type           Power      Damage    Failure   Level
a - Sandblast             Erth           58%        2d13      1%          1
b - Stone Arrow           Conj/Erth      50%        3d10      4%          3

Your spell library contained the following spells:

 Spells                   Type           Power      Damage    Failure   Level
 Passwall                 Tmut/Erth      15%        N/A       4%          2
 Apportation              Tloc           6%         N/A       12%         1
 Necrotise                Necr           12%        1d4       12%         1
 Summon Small Mammal      Summ           12%        N/A       12%         1
 Brom's Barrelling Bould  Conj/Erth      25%        2d5       16%         4
 Petrify                  Tmut/Erth      18%        N/A       28%         4
 Animate Dead             Necr           3%         N/A       77%         4
 Haunt                    Necr/Summ      1%         N/A       100%        7
 Infestation              Necr           1%         N/A       100%        8


Dungeon Overview and Level Annotations

Branches:
Dungeon (5/15)             Temple (1/1) D:5

Altars:
Ashenzari
Cheibriados
Elyvilon
Fedhas
Hepliaklqana
Kikubaaqudgha
Makhleb
Nemelex Xobeh
Okawaru
Qazlal
Ru
Trog
Wu Jian
Xom
Yredelemnul
Zin
The Shining One


Message History

The blast of sand hits the iguana.
The iguana is severely wounded.
The scorpion stings you but does no damage.
The iguana bites you but does no damage.
The iguana bites you.
The scorpion stings you but does no damage.
The blast of sand hits the iguana.
The iguana is almost dead.
The iguana misses you. The iguana closely misses you.
The scorpion closely misses you. The iguana bites you. The iguana bites you!
Casting: Sandblast (safe; 1% risk of failure)
Confirm with . or Enter, or press ? or * to list all spells.
Aiming: Stone Arrow (dangerous; 5% risk of failure)
Press: ? - help, Shift-Dir - straight line, f/p - iguana
Aim: an iguana (almost dead, 75% to hit)
The stone arrow hits the iguana!
You kill the iguana!
The scorpion completely misses you. The scorpion stings you.
The iguana bites you!
* * * LOW HITPOINT WARNING * * *
Casting: Stone Arrow (dangerous; 4% risk of failure)
Confirm with . or Enter, or press ? or * to list all spells.
Aiming: Stone Arrow (dangerous; 4% risk of failure)
Press: ? - help, Shift-Dir - straight line, f - scorpion
Aim: a scorpion (71% to hit)
The stone arrow hits the scorpion!!
You kill the scorpion!
The iguana barely misses you.
Training target 5.0 for Dodging reached!
Your Dodging skill increases to level 5!
Your Conjurations skill increases to level 4!
Casting: Stone Arrow (dangerous; 4% risk of failure)
Confirm with . or Enter, or press ? or * to list all spells.
Aiming: Stone Arrow (dangerous; 4% risk of failure)
Press: ? - help, Shift-Dir - straight line, f - iguana
Aim: an iguana (75% to hit)
The stone arrow hits the iguana!
The iguana is almost dead.
The iguana bites you.
You die...

#.#
#####.....####
#.#
.....).........
#.#
.##..........<...
#.#
.##.#####...#####
#.###### .## #
##.## #
#......##.##.##
### #
######.#......# #
##.#†...... #
#...@l....#
#.....###.##
#.......#
#.......# ##
#.......#
#######.
#........
........
#.....#### #..⌠..
#..[.. ####⌠.>.⌠


You could see an iguana.

Vanquished Creatures
  An ogre (D:4)
  A kobold brigand (D:4)
  2 scorpions
  2 orc priests (D:5)
  2 hounds
  4 iguanas
  2 orc wizards (D:5)
  8 adders
  3 gnolls (D:4)
  A white imp (D:5)
  A worm (D:2)
  A dart slug (D:4)
  9 orcs
  9 bats
  4 endoplasms
  6 giant cockroaches
  10 goblins
  10 hobgoblins
  2 jackals (D:4)
  3 ball pythons
  4 frilled lizards
  7 kobolds
  11 rats
103 creatures vanquished.

Notes
Turn   | Place    | Note
-------+----------+-------------------------------------------
     0 | D:1      | zero the Deep Elf Earth Elementalist began the quest for
                  | the Orb.
     0 | D:1      | Reached XP level 1. HP: 10/10 MP: 6/6
   250 | D:1      | Reached XP level 2. HP: 15/15 MP: 5/8
   299 | D:1      | Reached skill level 4 in Earth Magic
   930 | D:2      | Reached XP level 3. HP: 19/19 MP: 6/9
   934 | D:2      | Learned a level 3 spell: Stone Arrow
  1044 | D:2      | Reached skill level 5 in Earth Magic
  1910 | D:3      | Reached XP level 4. HP: 19/24 MP: 8/10
  1934 | D:3      | Found a faded altar of an unknown god.
  2403 | D:3      | Reached skill level 6 in Earth Magic
  2657 | D:4      | Reached XP level 5. HP: 28/28 MP: 6/11
  2779 | D:4      | Reached skill level 1 in Fighting
  2779 | D:4      | Reached skill level 1 in Conjurations
  3040 | D:4      | Noticed an ogre
  3043 | D:4      | Killed an ogre
  3044 | D:4      | Reached XP level 6. HP: 34/34 MP: 8/12
  3159 | D:4      | Found a white marble altar of Elyvilon.
  3175 | D:4      | Found a glowing silver altar of Zin.
  3178 | D:4      | Found a glowing golden altar of the Shining One.
  3749 | D:4      | Found a hazy altar of Hepliaklqana.
  3751 | D:4      | Identified the scarf "Pasuremp" {shadows, rPois}
  3809 | D:4      | Found a shimmering altar of Xom.
  3818 | D:4      | Found a broken altar of Ashenzari.
  3876 | D:5      | Entered Level 5 of the Dungeon
  3968 | D:5      | Reached XP level 7. HP: 22/40 MP: 1/13
  4055 | D:5      | Found a staircase to the Ecumenical Temple.
  4091 | Temple   | Found a transporter.
  4091 | Temple   | Found a transporter.
  4091 | Temple   | Found a transporter.
  4091 | Temple   | Found a transporter.
  4091 | Temple   | Entered the Ecumenical Temple
  4321 | D:5      | Reached skill level 5 in Stealth
  4393 | D:5      | Reached skill level 5 in Dodging
  4393 | D:5      | Slain by an iguana

Illustrated notes

Levels and vault maps discovered:
D:1:      dpeg_arrival_subterranean_lakeside_camping, layout_basic
D:2:      layout_basic, serial_forest, infiniplex_forest_end_2,
          infiniplex_forest_lined_ring, infiniplex_forest_clump_C,
          infiniplex_forest_clump_tiny, infiniplex_forest_straight_4
D:3:      layout_basic, hellmonk_ecumenical_altar_heavens_door
D:4:      cheibrodos_greedy_goblins, layout_basic, good_gods_temple_1,
          nicolae_hepliaklqana_hippocampus, mainiacjoe_overflow_swirl,
          minmay_misc_feat_ornament
D:5:      layout_loops_ring, temple_fountains
Temple:   hellmonk_temple_divided_pantheon

Skill      XL: |  1  2  3  4  5  6  7 |
---------------+----------------------+-----
Earth Magic    | 4 5 6 |  6.0
Fighting       | 1 2 |  2.0
Dodging        | 3 4 5 |  5.0
Stealth        | 3 4 5 |  5.0
Conjurations   | 2 4 |  4.1
Spellcasting   | |  3.0
Transmutations | |  1.1

Action                     |  1- 3 |  4- 6 |  7- 9 || total
---------------------------+-------+-------+-------++-------
  Melee: Unarmed           |     3 |       |       ||     3
         Short sword       |    11 |    12 |     3 ||    26
   Cast: Sandblast         |    49 |    64 |    19 ||   132
         Stone Arrow       |       |     3 |     3 ||     6
  Evoke: Wand              |       |     1 |       ||     1
   Stab: Sleeping          |       |     1 |       ||     1
 Armour: Robe              |    19 |    36 |    17 ||    72
  Dodge: Dodged            |    30 |    53 |    12 ||    95

Table legend: (Time is in decaauts)
 A = Elapsed time spent in this place.
 B = Non-inter-level travel time spent in this place.
 C = Inter-level travel time spent in this place.
 D = Time resting spent in this place.
 E = Time spent auto-exploring this place.
 F = Levels seen in this place.
 G = Mean time per level.
                   A        B        C        D        E       F      G
               +--------+--------+--------+--------+--------+-----+--------+
         Total |   4462 |   4346 |    116 |    185 |   3590 |   6 |  743.7 |
       Dungeon |   4460 |   4345 |    115 |    185 |   3590 |   5 |  892.0 |
        Temple |      1 |      0 |      1 |      0 |      0 |   1 |    1.0 |
               +--------+--------+--------+--------+--------+-----+--------+

Top non-repeatable levels by time:
     D:4: 1254 daAuts
     D:2: 968 daAuts
     D:1: 916 daAuts
     D:3: 793 daAuts
     D:5: 526 daAuts
  Temple: 1 daAuts
